 Dungeon Crawl Stone Soup version bcrawl-1.41.1 (webtiles) character file.

Game seed: 16559852903729397259

226317 Grimmash the Sneak (level 7, 0/90 HPs)
             Began as a Naga Archaeologist on Apr 20, 2024.
             Slain by a troll (12 damage)
             ... on level 4 of the Dungeon.
             The game lasted 00:04:45 (2970 turns).

Grimmash the Sneak (Naga Archaeologist)             Turns: 2970, Time: 00:04:46

Health: 0/90       AC:  9    Str: 19    XL:     7   Next: 17%
Magic:  10/10      EV:  8    Int: 16    God:
Gold:   183        SH:  0    Dex:  9    Spells: 10/10 levels left

rFire    + . .     GDR:     22% a - +2 dagger (venom)
rCold    . . .     SeeInvis +   (no shield)
rNeg     . . .     Gourm    .   u - +0 leather armour {MR+}
rPois    +         Faith    .   d - +1 hat
rElec    .         Spirit   .   (no cloak)
rCorr    .         Reflect  .   (no gloves)
MR       +....                  h - +0 barding {rF+}
Stlth    ..........             p - amulet of rage
HPRegen  0.25/turn              (no ring)
MPRegen  0.12/turn              (no ring)

@: berserking, quick
A: large, tail, swims, see invisible, deformed body, poison resistance, slowness
2, slow metabolism 1, spit poison 1, AC +2
a: Spit Poison, Evoke Berserk Rage


You were on level 4 of the Dungeon.
You were near starving.

You visited 1 branch of the dungeon, and saw 4 of its levels.

You collected 183 gold pieces.

Inventory:

Hand Weapons
 a - a +2 dagger of venom (weapon)
 b - a +0 blowgun
 c - a +1 flail of holy wrath
Missiles
 f - 6 curare-tipped needles
 q - 113 poisoned tomahawks (quivered)
 v - 107 poisoned needles
Armour
 d - a +1 hat (worn)
 h - a +0 barding of fire resistance (worn)
 u - a +0 leather armour of magic resistance (worn)
Jewellery
 p - an amulet of rage (around neck)
Wands
 j - a wand of disintegration (10)
 n - a wand of digging (4)
 t - a wand of polymorph (17)
Scrolls
 g - 3 scrolls of revelation
 i - 2 scrolls of identify
 k - 9 scrolls of teleportation
 m - 2 scrolls of noise
 o - a scroll of remove curse
 x - a scroll of amnesia {unknown}
Potions
 l - a potion of lignification {unknown}
 r - a potion of agility {unknown}
 w - a potion of might {unknown}
Comestibles
 e - 7 rations {!d}


   Skills:
 * Level 2.0 Fighting
 + Level 1.8 Short Blades
 * Level 2.3 Maces & Flails
 + Level 0.1 Throwing
 * Level 1.7 Armour
 * Level 3.9 Dodging
 + Level 7.1 Stealth
 * Level 2.2 Spellcasting
 + Level 0.1 Evocations


You had 10 spell levels left.
You didn't know any spells.
Your spell library was empty.

Dungeon Overview and Level Annotations

Branches:
Dungeon (4/12)
 Temple: D:4-7

Altars:


Innate Abilities, Weirdness & Mutations

You cannot wear boots.
You can swim through water.
Your serpentine skin is tough. (AC +2)
You have supernaturally acute eyesight. (SInv)
Armour fits poorly on your strangely shaped body.
Your system is resistant to poisons. (rPois)
You cover ground very slowly.
You have a slow metabolism.
You can spit poison.


Message History

The troll claws you but does no damage. The troll closely misses you.
You hit the troll.
The troll is lightly wounded.
You closely miss the troll.
The troll is lightly wounded.
The troll closely misses you. The troll claws you but does no damage.
The troll claws you.
* * * LOW HITPOINT WARNING * * *
No path to travel!
A red film seems to cover your vision as you go berserk!
You feel yourself moving faster!
You feel mighty!
You are near starving!
The troll barely misses you. The troll claws you!
* * * LOW HITPOINT WARNING * * *
The troll claws you but does no damage.
No path to travel!
You hit the troll.
The troll is poisoned.
The troll is lightly wounded.
The troll bites you!
You die...

.....## ......# ..
.รท....#### ####..
.=.......# ##.....
.....###.###### #....#
..#...##......## #....# ...
.......######..####....# ...
.<......# ##..)##....# ..o.
........# ###@To....# .....
........# ###l...###.....
.......## ##..........o
#.......# ##..........o
#.......## #.......#.##
.........### #.[......#
.#.........######.###..#...#
..#............... .......#
#.###............. ........#


You could see a troll, an orc and a frilled lizard.

Vanquished Creatures
  Sigmund (D:2)
  An ogre (D:2)
  An orc priest (D:4)
  Ijyb (D:3)
  Terence (D:3)
  3 orc wizards (D:4)
  2 adders
  An ooze (D:4)
  A worm (D:2)
  A dart slug (D:1)
  5 leopard geckos
  3 orcs (D:3)
  3 giant cockroaches
  5 goblins
  10 hobgoblins
  5 jackals
  A quokka (D:2)
  6 bats
  4 frilled lizards
  5 kobolds
  A quokka skeleton (D:4)
  9 rats
70 creatures vanquished.

Notes
Turn   | Place    | Note
-------+----------+-------------------------------------------
     0 | D:1      | Grimmash the Naga Archaeologist began the quest for the
                  | Orb.
     0 | D:1      | Reached XP level 1. HP: 18/18 MP: 1/1
    41 | D:1      | Reached skill level 5 in Stealth
   207 | D:1      | Reached XP level 2. HP: 25/25 MP: 2/2
   902 | D:2      | Reached XP level 3. HP: 31/31 MP: 3/3
   945 | D:2      | Noticed an ogre
  1406 | D:2      | Noticed Sigmund
  1442 | D:2      | Killed Sigmund
  1443 | D:2      | Reached skill level 1 in Short Blades
  1443 | D:2      | Reached skill level 1 in Armour
  1443 | D:2      | Reached skill level 6 in Stealth
  1443 | D:2      | Reached skill level 1 in Spellcasting
  1443 | D:2      | Reached XP level 4. HP: 30/39 MP: 3/5
  1443 | D:2      | Reached XP level 5. HP: 35/45 MP: 3/6
  1443 | D:2      | Identified a scroll of acquirement
  1486 | D:2      | Identified the amulet "Xuass" {Spirit rElec Dex+4} (You
                  | acquired it on level 2 of the Dungeon)
  1510 | D:2      | Killed an ogre
  1511 | D:2      | Reached XP level 6. HP: 26/52 MP: 6/8
  2162 | D:3      | Noticed Ijyb
  2164 | D:3      | Killed Ijyb
  2511 | D:3      | Noticed Terence
  2517 | D:3      | Killed Terence
  2922 | D:4      | Noticed a troll
  2954 | D:4      | Reached skill level 7 in Stealth
  2954 | D:4      | Reached XP level 7. HP: 52/58 MP: 10/10
  2970 | D:4      | Slain by a troll

Skill      XL: |  1  2  3  4  5  6  7 |
---------------+----------------------+-----
Stealth        | 5 6 7 |  7.1
Dodging        | 3 |  3.9
Short Blades   | 1 |  1.8
Armour         | 1 |  1.7
Spellcasting   | 1 2 |  2.2
Maces & Flails | 2 |  2.3
Fighting       | 2 |  2.0
Throwing       | |  0.1
Evocations     | |  0.1

Action                   |  1- 3 |  4- 6 |  7- 9 || total
-------------------------+-------+-------+-------++-------
Melee: Whip              |    16 |       |       ||    16
       Dagger            |   101 |    84 |    16 ||   201
Throw: Tomahawk          |     1 |     5 |       ||     6
 Abil: Spit Poison       |     4 |     2 |       ||     6
       Evoke Berserk Rag |     1 |       |     1 ||     2
  Use: Scroll            |     1 |     6 |       ||     7
 Stab: Sleeping          |     7 |     8 |       ||    15
  Eat: Chunk             |     4 |     7 |       ||    11
Armor: Robe              |    66 |     8 |       ||    74
       Leather armour    |       |    33 |    14 ||    47
       Skin              |       |     3 |       ||     3
Dodge: Dodged            |    46 |    32 |     5 ||    83
